[Event "Test Tournament"]
[Site "Emanuel Lasker Arena"]
[Date "2024.04.09"]
[Round "1"]
[White "CarlsenVomFach"]
[Black "Stratospheric"]
[Result "1-0"]
[WhiteElo "2230"]
[BlackElo "1620"]
[Annotator "RC"]
[PlyCount "27"]
[EventDate "2024.04.09"]
[EventType "swiss (blitz)"]
[TimeControl "60"]

1. e4 e5 2. Nf3 Nc6 3. Bb5 Nf6 4. O-O Nxe4 5. d4 Nd6 6. Bxc6 dxc6 7. dxe5 Nf5 8. Qxd8+ Kxd8 9. Nc3 Ke8 10. Rd1 Be6 11. Ng5 Bc8 12. Nf3 Be6 13. Ng5 Bc8 14. Nf3 {[%emt 0:00:01] (Lag: Av=0.05s, max=0.1s)} 1-0

[Event "Test Tournament"]
[Site "Emanuel Lasker Arena"]
[Date "2024.04.09"]
[Round "1"]
[White "Churchill"]
[Black "Zimtowitch"]
[Result "0-1"]
[WhiteElo "1620"]
[BlackElo "1896"]
[Annotator "NA RC"]
[PlyCount "26"]
[EventDate "2024.04.09"]
[EventType "swiss (blitz)"]
[TimeControl "60"]

1. d4 d5 2. c4 e6 3. Nc3 c5 4. cxd5 exd5 5. Nf3 Nc6 6. e3 Nf6 7. Be2 cxd4 8. Nxd4 Bd6 9. Qb3 a6 10. Nxd5 Nxd5 11. O-O O-O 12. a4 Qh4 13. Qxd5 Qxh2# {[%emt 0:00:03] (Lag: Av=0.05s, max=0.1s)} 0-1

[Event "Test Tournament"]
[Site "Emanuel Lasker Arena"]
[Date "2024.04.09"]
[Round "2"]
[White "Thomas Kydd"]
[Black "Local Hero"]
[Result "1-0"]
[WhiteElo "2405"]
[BlackElo "1983"]
[Annotator "TA"]
[PlyCount "71"]
[EventDate "2024.04.09"]
[EventType "swiss (blitz)"]
[TimeControl "60"]

1. e4 e5 2. Nf3 Nc6 3. Bb5 a6 4. Ba4 d6 5. c3 Bd7 6. O-O g6 7. d4 Bg7 8. Re1 Nf6 9. d5 Ne7 10. Bxd7+ Nxd7 11. Be3 {[%emt 0:00:01] White is slightly better.} h6 12. Nfd2 f5 {[%emt 0:00:01] White must now prevent ...f4.} 13. exf5 ({White should play} 13. f3 $1 $14) 13... Nxf5 ({Black should try} 13... gxf5 $15 14. Qh5+ Kf8) 14. c4 Qh4 15. Nc3 O-O 16. Nce4 Nd4 (16... a5 $14 {feels stronger.}) 17. a4 Rae8 18. b4 Nb6 19. Rc1 Rf7 {[%emt 0:00:02] [#]} (19... Nc8 $16 {keeps fighting.} 20. a5 Nf5) 20. a5 (20. Bxd4 $1 $18 {and the rest is easy.} exd4 21. Nf6+ Qxf6 22. Rxe8+ Kh7 23. Nf3) 20... Nd7 $16 21. c5 Bf8 (21... Nb5 $16 22. Qc2 Ref8) 22. cxd6 (22. c6 $142 bxc6 23. dxc6) 22... Bxd6 (22... cxd6 {is a better defense.} 23. Rc7 Qd8) 23. g3 $36 {[%emt 0:00:02][%mdl 2048] Black is under strong pressure.} Qh3 (23... Qd8 24. Qg4 (24. Bxh6 Bxb4 25. Bg5 Qc8 $18) 24... Bxb4) 24. Nxd6 $18 cxd6 25. Bxd4 Nf6 {[%emt 0:00:03][%cal Oe8f8] [#]} 26. Qc2 $1 exd4 (26... Kg7 27. Ne4) 27. Rxe8+ Nxe8 28. Qxg6+ Ng7 29. Re1 {[%emt 0:00:01] Threatening mate with Re8+.} ({But not} 29. Qxd6 Qf5 30. f4 (30. Qxh6 Qxf2+ 31. Kh1 d3 $18) 30... Qd3 $18) 29... Rxf2 (29... Qf5 $18 30. Re8+ (30. Qxd6 {gets mated.} Qxf2+ 31. Kh1 Qxe1+ 32. Kg2 Qxd2+ 33. Kh3 Qg5 34. Kg2 Qf5 35. Qb8+ Kh7 36. Qf4 Qxd5+ 37. Kf1 Rxf4+ 38. gxf4 d3 39. Kg1 d2 40. h3 d1=Q+ 41. Kh2 Qe2+ 42. Kg3 Nf5#) 30... Rf8 31. Rxf8+ (31. Qxd6 {is a self mate.} Qxf2+ 32. Kh1 Rxe8) 31... Qxf8 32. Qxh6 Qe7) 30. Kxf2 (30. Re8+ $142 Rf8 31. Re7 Qxh2+ 32. Kxh2 Rf2+ 33. Kg1 Rf1+ 34. Kxf1 Kh8 35. Qxg7#) 30... Qxh2+ 31. Kf3 Qxd2 32. Re7 {[%emt 0:00:01][%csl Ge7][%cal Rg6g7] White mates.} Qc3+ 33. Kg2 Qc2+ 34. Qxc2 Kh8 35. Qg6 Kg8 36. Qxg7# {[%emt 0:00:01] Weighted Error Value: White=0.33/Black=0.84.  Loses game:     	---       	Black=1      Mistake:       	White=4     	Black=6      Inaccurate:     	White=2     	Black=2      OK:         	White=5     	Black=3      Best:        	White=2     	Black=1} 1-0

[Event "Test Tournament"]
[Site "Emanuel Lasker Arena"]
[Date "2024.04.09"]
[Round "2"]
[White "Leuwe"]
[Black "Antonella"]
[Result "1-0"]
[WhiteElo "2285"]
[BlackElo "2040"]
[Annotator "RC"]
[PlyCount "53"]
[EventDate "2024.04.09"]
[EventType "swiss (blitz)"]
[TimeControl "60"]

1. d4 Nf6 2. c4 e6 3. Nc3 Bb4 4. e3 O-O 5. Bd3 c5 6. Nf3 d5 7. O-O Nc6 8. a3 Bxc3 9. bxc3 Qc7 10. cxd5 exd5 11. a4 Bg4 12. Ba3 c4 13. Bxf8 cxd3 14. Ba3 Bf5 15. Nd2 h5 16. Qf3 Be4 17. Qf4 Qa5 18. Ra2 Qxc3 19. Rc1 Qa5 20. f3 Qxa4 21. fxe4 a5 22. e5 Nb4 23. Raa1 Ng4 24. Rc7 Rf8 25. h3 Re8 26. Qxf7+ Kh7 27. Qxg7# {[%emt 0:00:01] (Lag: Av=0.06s, max=0.4s)} 1-0

[Event "Test Tournament"]
[Site "Emanuel Lasker Arena"]
[Date "2024.04.09"]
[Round "2"]
[White "CarlsenVomFach"]
[Black "Jamie Fraser"]
[Result "1-0"]
[WhiteElo "2230"]
[BlackElo "2119"]
[Annotator "RC"]
[PlyCount "91"]
[EventDate "2024.04.09"]
[EventType "swiss (blitz)"]
[TimeControl "60"]

1. e4 e5 2. Nf3 Nc6 3. Bb5 a6 4. Ba4 Nf6 5. O-O b5 6. Bb3 Be7 7. Re1 O-O 8. c3 d5 9. exd5 Nxd5 10. Nxe5 Nxe5 11. Rxe5 c6 12. d4 Bd6 13. Re1 Qh4 14. g3 Qh3 15. Re4 g5 16. Qf3 g4 17. Qe2 Bf5 18. Nd2 Nf6 19. a3 Rfe8 20. Re3 h5 21. a4 c5 22. axb5 cxd4 23. cxd4 h4 24. bxa6 hxg3 25. hxg3 Rab8 26. a7 Ra8 27. Rxe8+ Nxe8 28. Ne4 Bxe4 29. Qxe4 Bxg3 30. fxg3 Qxg3+ 31. Kf1 Qxb3 32. Qxa8 Qd3+ 33. Kf2 g3+ 34. Ke1 Kg7 35. Qd5 Qc2 36. a8=Q Qf2+ 37. Kd1 Qf1+ 38. Kd2 Qf2+ 39. Kd3 Qf1+ 40. Kd2 Qf2+ 41. Kd3 Qf6 42. Qxe8 Qf1+ 43. Kc3 Qf6 44. Ra7 g2 45. Qxg2+ Kh7 46. Qgg8# {[%emt 0:00:01] (Lag: Av=0.06s, max=0.5s)} 1-0

[Event "Test Tournament"]
[Site "Emanuel Lasker Arena"]
[Date "2024.04.09"]
[Round "2"]
[White "Swindler"]
[Black "Daenerys"]
[Result "1-0"]
[WhiteElo "2226"]
[BlackElo "1922"]
[Annotator "RC"]
[PlyCount "41"]
[EventDate "2024.04.09"]
[EventType "swiss (blitz)"]
[TimeControl "60"]

1. e4 e5 2. Nf3 Nc6 3. Bb5 f5 4. Nc3 fxe4 5. Nxe4 d5 6. Ng3 Bg4 7. h3 h5 8. hxg4 e4 9. Nd4 Qd6 10. d3 Nh6 11. dxe4 Nxg4 12. Rxh5 Rxh5 13. Qxg4 Rh2 14. Bf4 Qb4+ 15. c3 Qxb2 16. Bxc6+ bxc6 17. Qe6+ Be7 18. Qxc6+ Kf7 19. Qxd5+ Kf8 20. Ne6+ Ke8 21. Nxc7+ {[%emt 0:00:01] Daenerys resigns (Lag: Av=0.07s, max=0.4s)} 1-0

[Event "Test Tournament"]
[Site "Emanuel Lasker Arena"]
[Date "2024.04.09"]
[Round "2"]
[White "Jed Bartlet"]
[Black "Swindler"]
[Result "1-0"]
[WhiteElo "2159"]
[BlackElo "2226"]
[Annotator "RC"]
[PlyCount "73"]
[EventDate "2024.04.09"]
[EventType "swiss (blitz)"]
[TimeControl "60"]

1. d4 f5 2. Nf3 Nf6 3. c4 g6 4. g3 a5 5. h4 d6 6. Qc2 Nc6 7. Bf4 Nb4 8. Qa4+ Bd7 9. Qb3 Ne4 10. Ng5 e5 11. c5 Qc8 12. c6 exf4 13. Qf7+ Kd8 14. Nxe4 Bxc6 15. Ng5 Be7 16. Ne6+ Kd7 17. d5 Bxd5 18. e4 Nc2+ 19. Kd1 Bxe6 20. Qg7 Nb4 21. Nc3 Qg8 22. Bb5+ c6 23. Qd4 fxg3 24. Na4 g2 25. Nb6+ Kc7 26. Rg1 fxe4 27. Nxa8+ Qxa8 28. Rxg2 d5 29. a3 Qf8 30. axb4 Qf3+ 31. Be2 Qxg2 32. Qxh8 Qh1+ 33. Kd2 Qxa1 34. Qg7 Kb6 35. Qxe7 Qxb2+ 36. Ke3 d4+ {[%emt 0:00:01] '} 37. Kxe4 {[%emt 0:00:00] (Lag: Av=0.08s, max=0.9s)} 1-0

[Event "Test Tournament"]
[Site "Emanuel Lasker Arena"]
[Date "2024.04.09"]
[Round "2"]
[White "Chartwell"]
[Black "Stratospheric"]
[Result "0-1"]
[WhiteElo "2149"]
[BlackElo "1620"]
[Annotator "RC"]
[PlyCount "92"]
[EventDate "2024.04.09"]
[EventType "swiss (blitz)"]
[TimeControl "60"]

1. d4 d5 2. c4 dxc4 3. Nf3 Nf6 4. e3 e6 5. Bxc4 Nbd7 6. Nc3 a6 7. e4 c5 8. e5 cxd4 9. Qxd4 Bc5 10. Qh4 Nd5 11. Qxd8+ Kxd8 12. Nxd5 exd5 13. Bxd5 f6 14. e6 Nb6 15. Bb3 Re8 16. Bf4 Bxe6 17. O-O-O+ Bd7 18. Bf7 Re2 19. Rhf1 Rxf2 20. Rxf2 Bxf2 21. Be6 Bc5 22. Kb1 Rc8 23. g4 Ke7 24. Bf5 Be6 25. Nh4 Kf7 26. g5 fxg5 27. Bxg5 Bxf5+ 28. Nxf5 Re8 29. h4 Nc4 30. b3 Ne3 31. Bxe3 Bxe3 32. Nd6+ Kf8 33. Nxe8 Kxe8 34. Rd3 Bc5 35. Rd5 Bf2 36. Rg5 Kf7 37. Rf5+ Ke8 38. Rxf2 g6 39. Rf6 Ke7 40. Rb6 Kf8 41. Rxb7 h6 42. Kc2 Ke8 43. Ra7 g5 44. h5 g4 45. Rg7 a5 46. Kd3 {[%emt 0:00:00] .} a4 0-1

[Event "Test Tournament"]
[Site "Emanuel Lasker Arena"]
[Date "2024.04.09"]
[Round "2"]
[White "Jamie Fraser"]
[Black "Endspielexperte"]
[Result "0-1"]
[WhiteElo "2119"]
[BlackElo "1620"]
[Annotator "RC"]
[PlyCount "88"]
[EventDate "2024.04.09"]
[EventType "swiss (blitz)"]
[TimeControl "60"]

1. e4 e5 2. Nf3 Nc6 3. Bb5 Nf6 4. O-O Nxe4 5. d4 Nd6 6. Bxc6 dxc6 7. dxe5 Nf5 8. Qxd8+ Kxd8 9. Rd1+ Ke8 10. Nc3 Be6 11. Ng5 Bc8 12. Nf3 Be6 13. Ng5 Bc4 14. b3 Bb4 15. Bb2 Bxc3 16. Bxc3 Bd5 17. e6 fxe6 18. g4 h6 19. gxf5 hxg5 20. fxe6 Rh4 21. Bxg7 Bxe6 22. Rd3 Rd8 23. Rad1 Rd5 24. Bf6 Rxd3 25. Rxd3 Bf5 26. Rf3 Rf4 27. Be7 Rxf3 28. Bxg5 c5 29. h4 Rh3 30. f4 c4 31. Bf6 cxb3 32. h5 bxa2 33. Bb2 Bxc2 34. Be5 Bf5 35. Bf6 b5 36. Be5 c5 37. Bb2 b4 38. Bf6 c4 39. Kg2 c3 40. Bh4 c2 41. Be7 a1=Q 42. Bxb4 c1=Q 43. h6 Qab2+ 44. Bd2 Qbxd2# {[%emt 0:00:00] (Lag: Av=0.07s, max=0.5s)} 0-1

[Event "Test Tournament"]
[Site "Emanuel Lasker Arena"]
[Date "2024.04.09"]
[Round "2"]
[White "Irina"]
[Black "Karpovs Shadow"]
[Result "1-0"]
[WhiteElo "2113"]
[BlackElo "1620"]
[Annotator "RC"]
[PlyCount "81"]
[EventDate "2024.04.09"]
[EventType "swiss (blitz)"]
[TimeControl "60"]

1. d4 Nf6 2. c4 e6 3. g3 d5 4. Bg2 Bb4+ 5. Nd2 O-O 6. Ngf3 c5 7. cxd5 exd5 8. dxc5 Re8 9. O-O Bxc5 10. Ng5 Ng4 11. Ndf3 Bf5 12. Bf4 Nc6 13. Qb3 Rxe2 14. Qxb7 Qe8 15. Rac1 Bc2 16. Nd2 Rxf2 17. Rxf2 Bxf2+ 18. Kh1 h6 19. Bxd5 Kh8 20. Nxf7+ Kh7 21. Rxc2 Qe1+ 22. Kg2 Qg1+ 23. Kh3 Qxh2+ 24. Kxg4 h5+ 25. Kg5 Bxg3 26. Be4+ g6 27. Bxg6+ Kg7 28. Nh6+ Kf8 29. Qg7+ Kxg7 30. Nf5+ Kh8 31. Bxg3 Qe2 32. Rxc6 Qxd2+ 33. Kxh5 Qxb2 34. Kh4 Rf8 35. Bd6 Qg2 36. Bxf8 Qh2+ 37. Kg4 Qg2+ 38. Kf4 Qh2+ 39. Ke3 Qxa2 40. Bg7+ Kg8 41. Rc8# {[%emt 0:00:01] (Lag: Av=0.05s, max=0.1s)} 1-0

[Event "Test Tournament"]
[Site "Emanuel Lasker Arena"]
[Date "2024.04.02"]
[Round "2"]
[White "Jed Bartlet"]
[Black "Swindler"]
[Result "1-0"]
[WhiteElo "2103"]
[BlackElo "2233"]
[Annotator "RC"]
[PlyCount "63"]
[EventDate "2024.04.02"]
[EventType "swiss (blitz)"]
[TimeControl "60"]

1. Nf3 c6 2. c4 d5 3. e3 Bg4 4. d4 e6 5. Nc3 Nf6 6. h3 Bf5 7. c5 h5 8. h4 Ng4 9. Ng5 Qa5 10. Bd2 Be7 11. Nxd5 Qd8 12. Nxe7 Qxe7 13. e4 f6 14. exf5 fxg5 15. hxg5 exf5+ 16. Qe2 h4 17. Qxe7+ Kxe7 18. Bc4 Na6 19. f3 b5 20. cxb6 Kd6 21. Bf4+ Ke7 22. b7 Rae8 23. Bxa6 Kd7+ 24. Kd2 Nf2 25. Rhe1 Rxe1 26. Rxe1 h3 27. Bc4 Rb8 28. Bxb8 Ne4+ 29. fxe4 fxe4 30. Bxa7 e3+ 31. Rxe3 c5 32. Bb5+ 1-0

[Event "Test Tournament"]
[Site "Emanuel Lasker Arena"]
[Date "2024.04.09"]
[Round "2"]
[White "StressTest"]
[Black "Hollis"]
[Result "1-0"]
[WhiteElo "2101"]
[BlackElo "1881"]
[Annotator "RC"]
[PlyCount "31"]
[EventDate "2024.04.09"]
[EventType "swiss (blitz)"]
[TimeControl "60"]

1. e4 Nf6 2. e5 Nd5 3. d4 d6 4. Nf3 dxe5 5. Nxe5 Bf5 6. Qf3 e6 7. g4 Bg6 8. Nc3 Nc6 9. Bb5 Ndb4 10. O-O Rc8 11. a3 Nxc2 12. Bxc6+ bxc6 13. Qxc6+ Ke7 14. Bg5+ f6 15. d5 fxg5 16. Qxe6# {[%emt 0:00:02] (Lag: Av=0.05s, max=0.1s)} 1-0

[Event "Test Tournament"]
[Site "Emanuel Lasker Arena"]
[Date "2024.04.09"]
[Round "2"]
[White "StressTest"]
[Black "Daenerys"]
[Result "1-0"]
[WhiteElo "2101"]
[BlackElo "1925"]
[Annotator "RC"]
[PlyCount "31"]
[EventDate "2024.04.09"]
[EventType "swiss (blitz)"]
[TimeControl "60"]

1. d4 Nf6 2. c4 e6 3. Nf3 b6 4. g3 Ba6 5. b3 Bb4+ 6. Bd2 Be7 7. Nc3 O-O 8. e4 Bb7 9. Bd3 Bb4 10. Qc2 h6 11. O-O g6 12. Rfe1 d5 13. exd5 exd5 14. Bxh6 dxc4 15. Bxc4 Bxf3 16. Qxg6+ {[%emt 0:00:01] Daenerys resigns (Lag: Av=0.04s, max=0.1s)} 1-0

[Event "Test Tournament"]
[Site "Emanuel Lasker Arena"]
[Date "2024.04.09"]
[Round "2"]
[White "MikhailBerg"]
[Black "Josha Matin"]
[Result "0-1"]
[WhiteElo "2094"]
[BlackElo "2219"]
[Annotator "RC"]
[PlyCount "96"]
[EventDate "2024.04.09"]
[EventType "swiss (blitz)"]
[TimeControl "60"]

1. e4 e5 2. Nf3 Nc6 3. Bb5 a6 4. Ba4 d6 5. Bxc6+ bxc6 6. d4 f6 7. Be3 Ne7 8. Nc3 Ng6 9. Qd2 Be7 10. h4 h5 11. O-O-O O-O 12. Qd3 Be6 13. d5 cxd5 14. exd5 Bf7 15. Qf5 Rb8 16. g4 Qc8 17. Qxh5 Nf4 18. Qf5 Qxf5 19. gxf5 Bh5 20. Bxf4 Bxf3 21. Be3 Bxh1 22. Rxh1 Rb4 23. a3 Rg4 24. h5 Rb8 25. Ba7 Rb7 26. Be3 Rc4 27. h6 a5 28. Rg1 Bf8 29. hxg7 Bxg7 30. Bh6 c5 31. Rg6 Kh8 32. Nb5 Bxh6+ 33. Rxh6+ Rh7 34. Rxh7+ Kxh7 35. Nxd6 Rf4 36. Nb7 Rxf2 37. Nxc5 Rxf5 38. d6 Rf1+ 39. Kd2 f5 40. d7 Rf2+ 41. Kc3 Rf3+ 42. Nd3 e4 43. d8=Q exd3 44. Qd7+ Kh6 45. Qc6+ Kg5 46. Qxf3 f4 47. cxd3 a4 48. Qe4 {[%emt 0:00:01] .} Kg4 0-1

[Event "Test Tournament"]
[Site "Emanuel Lasker Arena"]
[Date "2024.04.09"]
[Round "2"]
[White "Toby Ziegler"]
[Black "Einpassant"]
[Result "0-1"]
[WhiteElo "2064"]
[BlackElo "1620"]
[Annotator "RC"]
[PlyCount "88"]
[EventDate "2024.04.09"]
[EventType "swiss (blitz)"]
[TimeControl "60"]

1. d4 d5 2. c4 e6 3. Nf3 Nf6 4. g3 Bb4+ 5. Bd2 Be7 6. Bg2 O-O 7. O-O Nbd7 8. Qc2 c6 9. Rd1 b6 10. b3 Ba6 11. a4 c5 12. Na3 Ne4 13. cxd5 exd5 14. Nb5 Bb7 15. Be3 a6 16. Ne5 axb5 17. dxc5 Nxe5 18. Bxe4 bxc5 19. Bxc5 Bxc5 20. Qxc5 bxa4 21. bxa4 Qa5 22. Qe7 dxe4 23. Qxb7 e3 24. f4 Ng4 25. Rd5 Qc3 26. Rf1 Rxa4 27. Rd3 Qc2 28. Re1 Nf2 29. Rxe3 Ng4 30. Rf3 Re8 31. Qb2 Rxe2 32. Qb8+ Qc8 33. Qxc8+ Re8 34. Re5 Rxc8 35. Re1 Ra2 36. h3 Nh2 37. Rfe3 f5 38. Kh1 Rd8 39. Rc1 Rdd2 40. Re8+ Kf7 41. Re5 g6 42. Rc6 Ra1+ 43. Rc1 Rxc1+ 44. Re1 Rxe1# {[%emt 0:00:00] (Lag: Av=0.08s, max=0.7s)} 0-1

[Event "Test Tournament"]
[Site "Emanuel Lasker Arena"]
[Date "2024.04.09"]
[Round "2"]
[White "Brutus"]
[Black "Josha Matin"]
[Result "1/2-1/2"]
[WhiteElo "2043"]
[BlackElo "2225"]
[Annotator "RC"]
[PlyCount "98"]
[EventDate "2024.04.09"]
[EventType "swiss (blitz)"]
[TimeControl "60"]

1. d4 Nf6 2. c4 g6 3. Nc3 Bg7 4. e4 d6 5. Nf3 O-O 6. Be2 e5 7. O-O Nc6 8. d5 Ne7 9. Ne1 Nd7 10. Nd3 f5 11. Bd2 Kh8 12. b4 Nf6 13. f3 f4 14. a4 g5 15. a5 c6 16. Kh1 h5 17. Qa4 g4 18. Qa3 Bh6 19. g3 b5 20. Nxe5 dxe5 21. gxf4 bxc4 22. fxe5 Be3 23. Bxe3 Nfxd5 24. exd5 Nxd5 25. Nxd5 Qxd5 26. b5 Bf5 27. Qd6 Qxd6 28. exd6 cxb5 29. fxg4 hxg4 30. Bd4+ Kg8 31. a6 Rad8 32. Bxa7 Be4+ 33. Kg1 Bf3 34. Bxf3 gxf3 35. Bd4 Rxd6 36. Bc5 Rg6+ 37. Kh1 Ra8 38. a7 c3 39. Rxf3 b4 40. Bxb4 c2 41. Bc5 Rxa7 42. Bxa7 Rg4 43. Rg1 Rxg1+ 44. Bxg1 c1=Q 45. Rg3+ Kh7 46. h3 Qa1 47. Rg2 Qxg1+ 48. Kxg1 Kh6 49. Rg8 {[%emt 0:00:00] .} Kh7 1/2-1/2

[Event "Test Tournament"]
[Site "Emanuel Lasker Arena"]
[Date "2024.04.09"]
[Round "2"]
[White "Brutus"]
[Black "Encheladus"]
[Result "1-0"]
[WhiteElo "2041"]
[BlackElo "1620"]
[Annotator "RC"]
[PlyCount "87"]
[EventDate "2024.04.09"]
[EventType "swiss (blitz)"]
[TimeControl "60"]

1. d4 Nf6 2. c4 e6 3. Nc3 Bb4 4. e3 O-O 5. Nge2 d5 6. a3 Be7 7. cxd5 exd5 8. g3 c6 9. Bg2 Bd6 10. Bd2 Bf5 11. h3 Re8 12. Qb3 b5 13. O-O Bd3 14. Rfd1 a5 15. Be1 a4 16. Qa2 Bc4 17. Qb1 Na6 18. Nf4 Qd7 19. Qc2 g5 20. Nd3 h5 21. Ne5 Bxe5 22. dxe5 Rxe5 23. Rac1 Bb3 24. Qd3 Nc5 25. Qd4 Qd6 26. Nxb5 cxb5 27. Rxc5 Bxd1 28. Bd2 Re6 29. Bb4 Bb3 30. Kh2 Bc4 31. Rxc4 Qe5 32. Qxe5 Rxe5 33. Rc5 Rb8 34. Bc3 Rf5 35. Rc6 Ne4 36. Be1 Nxf2 37. Bc3 Nd1 38. e4 dxe4 39. Bxe4 Rf2+ 40. Kg1 Nxc3 41. bxc3 Ra2 42. Bd5 Rxa3 43. Rc7 Ra1+ 44. Kg2 {[%emt 0:00:01] (Lag: Av=0.06s, max=0.6s)} 1-0

[Event "Test Tournament"]
[Site "Emanuel Lasker Arena"]
[Date "2024.04.09"]
[Round "2"]
[White "Antonella"]
[Black "Alicia"]
[Result "1-0"]
[WhiteElo "2040"]
[BlackElo "2226"]
[Annotator "RC"]
[PlyCount "69"]
[EventDate "2024.04.09"]
[EventType "swiss (blitz)"]
[TimeControl "60"]

1. e4 c5 2. Nf3 d6 3. d4 cxd4 4. Nxd4 Nf6 5. Nc3 a6 6. Be3 e6 7. f3 b5 8. Qd2 Bb7 9. a4 b4 10. Na2 d5 11. e5 h5 12. exf6 gxf6 13. c3 bxc3 14. Nxc3 Qb6 15. Nf5 Qb3 16. Nd4 Bc5 17. Nxb3 Bb4 18. Bb6 Nd7 19. Ba5 Bd6 20. Nd1 f5 21. Bc3 Ne5 22. f4 d4 23. Qxd4 Bd5 24. fxe5 Bf8 25. Nd2 h4 26. a5 Bh6 27. Qa4+ Kf8 28. Qb4+ Kg7 29. Qd4 h3 30. Ne3 Rhd8 31. Nxd5 Rxd5 32. Qf2 Bg5 33. Bc4 Rad8 34. Bxd5 hxg2 {[%emt 0:00:01] '} 35. Bxg2 {[%emt 0:00:01] (Lag: Av=0.06s, max=0.3s)} 1-0

[Event "Test Tournament"]
[Site "Emanuel Lasker Arena"]
[Date "2024.04.09"]
[Round "2"]
[White "ArrowPlay"]
[Black "Brutus"]
[Result "1-0"]
[WhiteElo "2027"]
[BlackElo "2041"]
[Annotator "RC"]
[PlyCount "91"]
[EventDate "2024.04.09"]
[EventType "swiss (blitz)"]
[TimeControl "60"]

1. d4 d5 2. c4 e6 3. Nc3 c5 4. cxd5 exd5 5. dxc5 d4 6. Na4 b5 7. cxb6 axb6 8. b3 b5 9. Nb2 Nc6 10. Nf3 Nf6 11. a4 Bb4+ 12. Bd2 O-O 13. axb5 Rxa1 14. Qxa1 Bxd2+ 15. Nxd2 Na5 16. Nbc4 Nb7 17. Qa7 Qd5 18. e3 Qxb5 19. Qxd4 Rd8 20. Nb6 Qc6 21. Qb4 Qc1+ 22. Ke2 Bg4+ 23. f3 Bf5 24. g4 Bd3+ 25. Kf2 Nc5 26. Bg2 Qc2 27. Kg3 h5 28. g5 Bb5 29. Nf1 Nd3 30. Qxb5 Qf2+ 31. Kh3 Ne1 32. Rg1 Qxg1 33. Qe2 Nxg2 34. Qxg2 Qxg2+ 35. Kxg2 Rd6 36. Nc4 Rd3 37. gxf6 Rxb3 38. fxg7 Kxg7 39. Ng3 Kg6 40. f4 h4 41. Ne4 f5 42. Ne5+ Kg7 43. Nd6 Kf6 44. Nec4 Rc3 45. Kh3 Rc2 {[%emt 0:00:00] '} 46. Kxh4 {[%emt 0:00:01] (Lag: Av=0.06s, max=0.4s)} 1-0

[Event "Test Tournament"]
[Site "Emanuel Lasker Arena"]
[Date "2024.04.09"]
[Round "2"]
[White "NicholasRenzi"]
[Black "Daenerys"]
[Result "0-1"]
[WhiteElo "2016"]
[BlackElo "1922"]
[Annotator "RC"]
[PlyCount "46"]
[EventDate "2024.04.09"]
[EventType "swiss (blitz)"]
[TimeControl "60"]

1. d4 Nf6 2. c4 e5 3. e3 exd4 4. exd4 d5 5. Nf3 Be7 6. Nc3 O-O 7. Bd3 dxc4 8. Bxc4 Nbd7 9. O-O Nb6 10. Bb3 c6 11. Ne5 h6 12. Re1 Bb4 13. Qd3 a5 14. Bxh6 Ng4 15. Bf4 Qh4 16. Bg3 Qf6 17. Ng6 Bf5 18. Nd5 Qxg6 19. Nxb4 Bxd3 20. Nxd3 Qxd3 21. Rad1 Qg6 22. Re7 Qf6 23. Rxb7 a4 {[%emt 0:00:02] Time (Lag: Av=0.08s, max=0.8s) .} 0-1

[Event "Test Tournament"]
[Site "Emanuel Lasker Arena"]
[Date "2024.04.09"]
[Round "2"]
[White "Local Hero"]
[Black "Schachmatz"]
[Result "1-0"]
[WhiteElo "1983"]
[BlackElo "1620"]
[Annotator "RC"]
[PlyCount "91"]
[EventDate "2024.04.09"]
[EventType "swiss (blitz)"]
[TimeControl "60"]

1. d4 f5 2. g3 Nf6 3. Bg2 g6 4. Nf3 Bg7 5. O-O O-O 6. c4 Ne4 7. Nbd2 Nc6 8. d5 Nb4 9. Qb3 c5 10. a3 Nxd5 11. cxd5 h5 12. d6+ e6 13. Nxe4 fxe4 14. Bg5 Rxf3 15. Bxf3 Qxg5 16. Bxe4 Qe5 17. Bxb7 Rb8 18. Qd3 Bxb7 19. Qxg6 h4 20. b4 hxg3 21. hxg3 Qe4 22. Qxe4 Bxe4 23. Rac1 cxb4 24. axb4 Rxb4 25. Rc7 a5 26. Rxd7 Bd4 27. Rd1 Bc2 28. Rd2 Be4 29. Rd8+ Kf7 30. Rd7+ Kf8 31. Rd8+ Kg7 32. Rd7+ Kf6 33. Ra2 Rb1+ 34. Kh2 Rg1 35. Kxg1 Bc6 36. Rc7 Bd5 37. Rxa5 Bb6 38. Ra6 Bxc7 39. dxc7 Ba8 40. c8=Q Be4 41. Qxe6+ Kg5 42. Qxe4 Kh5 43. Kf1 Kg5 44. f4+ Kg4 45. Rh6 Kxg3 {[%emt 0:00:00] '} 46. Rh7 {[%emt 0:00:01] (Lag: Av=0.06s, max=0.3s)} 1-0

[Event "Test Tournament"]
[Site "Emanuel Lasker Arena"]
[Date "2024.04.09"]
[Round "2"]
[White "RCFlyer"]
[Black "MikhailBerg"]
[Result "0-1"]
[WhiteElo "1980"]
[BlackElo "2094"]
[Annotator "RC"]
[PlyCount "108"]
[EventDate "2024.04.09"]
[EventType "swiss (blitz)"]
[TimeControl "60"]

1. e4 e5 2. Nf3 Nc6 3. Bb5 a6 4. Ba4 Nf6 5. O-O Be7 6. Re1 b5 7. Bb3 d6 8. c3 O-O 9. d4 Bg4 10. Be3 exd4 11. cxd4 Na5 12. Bc2 c5 13. h3 Bh5 14. g4 Bg6 15. Nbd2 Nd7 16. d5 Bf6 17. a4 Bxb2 18. Ra2 Qf6 19. Qb1 Bc3 20. Bg5 Nc4 21. Bxf6 Bxd2 22. axb5 axb5 23. Qxb5 Rxa2 24. Qxc4 Rxc2 25. Qxc2 Bxe1 26. Be7 Re8 27. Bxd6 Bxe4 28. Qa4 Bxf3 29. Qxd7 Ra8 30. Qb7 Rf8 31. Bxf8 Kxf8 32. Qa8+ Ke7 33. d6+ Kxd6 34. Qe4 Bxe4 35. Kf1 Bd2 36. Ke2 Bg5 37. f3 Bd5 38. Kd3 h5 39. f4 Bf6 40. gxh5 Bd4 41. f5 Bf3 42. h6 gxh6 43. f6 Ke5 44. Kc4 Be4 45. h4 Kxf6 46. h5 Kg5 47. Kb5 Kxh5 48. Kc4 f5 49. Kb5 f4 50. Kc4 f3 51. Kb3 f2 52. Kc4 f1=Q+ 53. Kb3 Qa1 54. Kc4 Qa4# {[%emt 0:00:00] (Lag: Av=0.06s, max=0.5s)} 0-1

[Event "Test Tournament"]
[Site "Emanuel Lasker Arena"]
[Date "2024.04.09"]
[Round "2"]
[White "Myopix"]
[Black "Einpassant"]
[Result "0-1"]
[WhiteElo "1965"]
[BlackElo "1620"]
[Annotator "RC"]
[PlyCount "80"]
[EventDate "2024.04.09"]
[EventType "swiss (blitz)"]
[TimeControl "60"]

1. e4 e5 2. Nf3 Nc6 3. Bb5 a6 4. Ba4 Nf6 5. O-O Be7 6. Qe2 b5 7. Bb3 O-O 8. c3 d5 9. d4 Nxe4 10. dxe5 Bc5 11. Bf4 b4 12. Ba4 Bd7 13. h4 Re8 14. Bg5 Ng3 15. Qd3 Bf5 16. Bxd8 Bxd3 17. Bxc6 Raxd8 18. Bxe8 Ne2+ 19. Kh2 Rxe8 20. h5 h6 21. cxb4 Bxb4 22. Rd1 Be4 23. Nd4 Nf4 24. Nc3 Bxg2 25. Nc6 Bc5 26. Ne2 Nxe2 27. Kxg2 Re6 28. Rd2 Nf4+ 29. Kf3 Nxh5 30. Kg4 g6 31. Nb8 Rxe5 32. Nxa6 Nf6+ 33. Kf3 Ne4 34. Rd3 Rf5+ 35. Kg2 Rxf2+ 36. Kg1 Bb6 37. Rb3 Rxb2+ 38. Kh1 Rc2 39. a4 Bd4 40. Rb8+ {[%emt 0:00:01] .} Kg7 0-1

[Event "Test Tournament"]
[Site "Emanuel Lasker Arena"]
[Date "2024.04.09"]
[Round "2"]
[White "Zimtowitch"]
[Black "Bauernklopper"]
[Result "0-1"]
[WhiteElo "1896"]
[BlackElo "1620"]
[Annotator "NA RC"]
[PlyCount "70"]
[EventDate "2024.04.09"]
[EventType "swiss (blitz)"]
[TimeControl "60"]

1. d4 d5 2. c4 dxc4 3. Nf3 Nf6 4. e3 e6 5. Bxc4 Nbd7 6. Nc3 c6 7. e4 Bb4 8. Qe2 O-O 9. O-O c5 10. e5 Bxc3 11. bxc3 Nd5 12. Ng5 cxd4 13. Nxh7 Kxh7 14. Qh5+ Kg8 15. cxd4 b5 16. Bg5 Qe8 17. Bxb5 f6 18. Qxe8 Rxe8 19. Bc6 Ba6 20. Bxa8 Bxf1 21. Bc6 Re7 22. Bd2 Be2 23. f4 fxe5 24. dxe5 Nc5 25. f5 Nd3 26. Bg5 Rc7 27. Bb5 exf5 28. e6 Kf8 29. h3 Rc2 30. g4 f4 31. Ba4 Rd2 32. Bb5 Bd1 33. a4 Ne5 34. e7+ Nxe7 35. Bxf4 Nf3+ {[%emt 0:00:00] Time (Lag: Av=0.06s, max=0.3s) .} 0-1